 Dungeon Crawl Stone Soup version 0.24-a0-282-g1a68c911f0 (webtiles) character file.

Game seed: 11982184498684139955

1285 Redear the Digger (level 8, 0/46 HPs)
             Began as an Octopode Earth Elementalist on May 3, 2019.
             Shot with an arrow by a centaur (14 damage)
             ... on level 6 of the Dungeon.
             The game lasted 00:12:15 (4965 turns).

Redear the Digger (Octopode Earth Elementalist)     Turns: 4965, Time: 00:12:15

Health: 0/46       AC:  4    Str:  7    XL:     8   Next: 55%
Magic:  5/17       EV: 13    Int: 20    God:
Gold:   220        SH:  0    Dex: 12    Spells: 14/19 levels left

rFire    . . .     SeeInvis .   (no weapon)
rCold    . . .     Gourm    .   (no shield)
rNeg     . . .     Faith    +   (helmet restricted)
rPois    .         Spirit   .   d - amulet of faith {Faith}
rElec    .         Reflect  .   (no ring)
rCorr    .         Harm     .   u - +3 ring of protection
MR       .....                  (no ring)
Stlth    +++.......             (no ring)
HPRegen  0.15/turn              (no ring)
MPRegen  0.15/turn              (no ring)
                                (no ring)
                                (no ring)

@: very slightly contaminated
A: almost no armour, stealthy swim, amphibious, 8 rings, constrict 8, camouflage
1, gelatinous body 1
a: no special abilities


You were on level 6 of the Dungeon.
You were very hungry.

You visited 1 branch of the dungeon, and saw 6 of its levels.

You collected 220 gold pieces.

Inventory:

Jewellery
 d - an amulet of faith (around mantle) {Faith}
 t - an uncursed ring of ice {rC+ rF-}
 u - a +3 ring of protection (right tentacle)
 v - an uncursed ring of ice {rC+ rF-}
Wands
 D - a wand of digging (4)
Scrolls
 a - 2 scrolls of amnesia {unknown}
 g - a scroll of magic mapping {unknown}
 j - 3 scrolls of enchant armour {unknown}
 k - 7 scrolls of identify {unknown}
 l - a scroll of blinking {unknown}
 m - 3 scrolls of remove curse {unknown}
 o - a scroll of enchant weapon {unknown}
 q - 2 scrolls of fog {unknown}
 s - 2 scrolls of immolation
Potions
 b - 2 potions of heal wounds {unknown}
 c - 2 potions of invisibility
 e - 2 potions of resistance {unknown}
 f - 4 potions of agility {unknown}
 h - 2 potions of magic {unknown}
 i - a potion of lignification {unknown}
 n - a potion of might {unknown}
 p - a potion of mutation {unknown}
 r - a potion of ambrosia {unknown}
 Q - a potion of curing {@q2}
Comestibles
 z - 9 rations


   Skills:
 - Level 2.0 Dodging
 - Level 2.6 Stealth
 + Level 6.4 Spellcasting
 - Level 3.1 Conjurations
   Level 1.0 Transmutations
 + Level 2.3 Air Magic
 - Level 6.8 Earth Magic


You had 14 spell levels left.
You knew the following spells:

 Your Spells              Type           Power        Failure   Level  Hunger
a - Shock                 Conj/Air       ###.         3%          1    None
b - Sandblast             Erth           ####..       1%          1    None
c - Stone Arrow           Conj/Erth      ####..       3%          3    ##.....

Your spell library contained the following spells:

 Spells                   Type           Power        Failure   Level  Hunger
 Passwall                 Tmut/Erth      ###.....     3%          2    None
 Swiftness                Chrm/Air       ##......     10%         2    None
 Static Discharge         Conj/Air       ###.....     10%         3    ##.....
 Lee's Rapid Deconstruct  Erth           ####......   17%         5    #####..
 Petrify                  Tmut/Erth      ###.....     21%         4    ####...
 Airstrike                Air            ###.......   36%         4    ####...
 Lightning Bolt           Conj/Air       ###.......   65%         5    #####..


Dungeon Overview and Level Annotations

Branches:
Dungeon (6/15)
 Temple: D:4-7

Altars:
Cheibriados
Fedhas
Nemelex Xobeh

Shops:
D:4 (

Annotations:
D:6 1 runed translucent door, kaisn's ghost, novice GnSk


Innate Abilities, Weirdness & Mutations

You cannot wear most types of armour.
You are very stealthy in the water. (Stealth+)
You are amphibious.
You can wear up to eight rings at the same time.
You can use your tentacles to constrict eight enemies at once.
Your skin changes colour to match your surroundings (Stealth+).
Your rubbery body absorbs attacks. (AC +1, EV +1)


Message History

The poisoned tomahawk barely misses you.
You see here a poisoned tomahawk.
Found a scroll labeled ALESKORHIO and 15 gold pieces.
You see here a scroll of immolation.
You flicker for a moment.
A gnoll comes into view. It is wielding a +0 whip.
A gnoll comes into view.
You flicker back into view.
A centaur comes into view.
Found a stone staircase leading down.
The centaur shouts!
You hear a shout!
The centaur wields a +0 shortbow.
The centaur shoots an arrow.
The arrow closely misses you.
You see here an arrow.
The centaur shoots an arrow.
The arrow barely misses you.
Items here: ( )) [ † a +0 shortbow; 27 arrows; a +0 club; a helmet; a centaur corpse The centaur shoots an arrow.
The arrow closely misses you.
The centaur shoots an arrow.
The arrow hits you!
You die...

.....................c..#####.
#.... .......#.....S.. §§#.
###.#.######g##........... §W+.
............c...#..# §Y#. ###
#..###..###.....# ######.
...##......## #...### #......
.......###### #(### #..[...
.....#......###)############.....
....Y).......#..@................
...?............###########......
.............(..# #......
......$........## #......
......(.......## #.<....
.......(......# #......
.....#........# ##.....
...............# #.....
................ #.####


You could see a centaur.

Vanquished Creatures
  Sigmund (D:4)
  Edmund (D:4)
  Menkaure (D:6)
  2 ogres
  A centaur (D:6)
  A scorpion (D:4)
  A crimson imp (D:6)
  5 hounds
  2 orc priests
  A gnoll shaman (D:4)
  An iguana (D:4)
  Terence (D:3)
  3 worker ants
  Robin (D:4)
  6 gnolls
  7 adders
  3 oozes
  An adder skeleton (D:4)
  2 worms
  3 dart slugs
  2 leopard geckos
  9 orcs
  4 giant cockroaches
  9 goblins
  11 hobgoblins
  3 jackals (D:1)
  2 quokkas
  3 ball pythons
  5 bats
  4 frilled lizards
  4 kobolds
  7 rats
107 creatures vanquished.

Notes
Turn   | Place    | Note
-------+----------+-------------------------------------------
     0 | D:1      | Redear the Octopode Earth Elementalist began the quest for
                  | the Orb.
     0 | D:1      | Reached XP level 1. HP: 11/11 MP: 3/3
    78 | D:1      | Reached XP level 2. HP: 17/17 MP: 3/5
  1102 | D:2      | Reached XP level 3. HP: 21/21 MP: 4/6
  1890 | D:2      | Reached skill level 3 in Spellcasting
  2024 | D:3      | Reached skill level 4 in Earth Magic
  2024 | D:3      | Reached XP level 4. HP: 27/27 MP: 5/8
  2315 | D:3      | Reached XP level 5. HP: 26/31 MP: 0/10
  2524 | D:3      | Noticed Terence
  2545 | D:3      | Killed Terence
  2689 | D:3      | Found a sparkling altar of Nemelex Xobeh.
  2698 | D:3      | Found a snail-covered altar of Cheibriados.
  2797 | D:4      | Reached skill level 4 in Spellcasting
  2848 | D:4      | Noticed Robin
  2854 | D:4      | Noticed a phantom
  2863 | D:3      | Learned a level 3 spell: Stone Arrow
  2918 | D:4      | Found a blossoming altar of Fedhas.
  2932 | D:4      | Reached skill level 5 in Earth Magic
  2932 | D:4      | Reached XP level 6. HP: 36/36 MP: 8/12
  3145 | D:4      | Noticed Sigmund
  3180 | D:4      | Killed Sigmund
  3180 | D:4      | Reached XP level 7. HP: 41/41 MP: 4/14
  3188 | D:4      | Noticed Edmund
  3190 | D:4      | Reached skill level 5 in Spellcasting
  3373 | D:4      | Killed Robin
  3557 | D:4      | Killed Edmund
  3557 | D:4      | Reached skill level 1 in Conjurations
  3557 | D:4      | Reached skill level 6 in Earth Magic
  3848 | D:4      | Found Biv Jipran's Antique Weapon Emporium.
  4048 | D:5      | Entered Level 5 of the Dungeon
  4117 | D:5      | Reached skill level 2 in Conjurations
  4175 | D:4      | Reached XP level 8. HP: 24/46 MP: 0/16
  4658 | D:5      | Reached skill level 3 in Conjurations
  4826 | D:6      | Learned a level 1 spell: Shock
  4865 | D:6      | Found a runed translucent door.
  4874 | D:6      | Noticed kaisn's ghost (novice GnSk)
  4886 | D:6      | Reached skill level 6 in Spellcasting
  4886 | D:6      | Reached skill level 1 in Air Magic
  4923 | D:6      | Noticed Menkaure
  4929 | D:6      | Killed Menkaure
  4929 | D:6      | Reached skill level 2 in Air Magic
  4965 | D:6      | Shot with an arrow by a centaur

Levels and vault maps discovered:
D:1:      dpeg_arrival_long_road, layout_basic
D:2:      layout_basic
D:3:      layout_rooms, amethyst_overflow_temple_binary, uniq_terence
D:4:      layout_gridville, fedhas_altar_1, serial_shops,
          nicolae_shop_behind_doors, first_ration, st_stairs_5,
          kennysheep_generic_room_8, uniq_edmund, uniq_robin, uniq_sigmund
D:5:      layout_basic, serial_shops, shop, gammafunk_ghost_nasty_kobolds,
          nicolae_gozag_cash_rules_everything_around_me
D:6:      layout_rooms, temple_pool_b, ebering_ghost_inner_flame, uniq_menkaure,
          uniq_grinder

Skill      XL: |  1  2  3  4  5  6  7  8 |
---------------+-------------------------+-----
Spellcasting   | 3 4 5 6 |  6.4
Earth Magic    | 4 5 6 |  6.8
Conjurations   | 2 3 |  3.1
Air Magic      | 2 |  2.3
Dodging        | |  2.0
Stealth        | |  2.6
Transmutations | |  1.0

Action                   |  1- 3 |  4- 6 |  7- 9 || total
-------------------------+-------+-------+-------++-------
Melee: Unarmed           |    11 |    20 |     4 ||    35
       Constrict         |     3 |     7 |     1 ||    11
       Tentacles         |     3 |     3 |       ||     6
 Cast: Sandblast         |    41 |    70 |    36 ||   147
       Stone Arrow       |       |       |    44 ||    44
       Shock             |       |       |    14 ||    14
  Use: Potion            |       |     1 |     1 ||     2
  Eat: Chunk             |     2 |     5 |     6 ||    13
Armor: Skin              |     1 |     2 |     1 ||     4
Dodge: Dodged            |    13 |    46 |    20 ||    79

Table legend:
 A = Non-vault XP
 B = Vault XP
 C = Vault XP percentage of total XP
 D = Non-vault monster count
 E = Vault monster count
 F = Vault count percentage of total count
                 A         B        C        D         E       F
            +---------+---------+-------+---------+---------+-------
      Total |    1118 |     718 |  39.1 |      87 |      20 |  18.7
            +---------+---------+-------+---------+---------+-------
        D:1 |      33 |       0 |   0.0 |      18 |       0 |   0.0
        D:2 |      45 |       0 |   0.0 |      11 |       0 |   0.0
        D:3 |     169 |      36 |  17.6 |      23 |       1 |   4.2
        D:4 |     204 |     517 |  71.7 |      10 |      18 |  64.3
        D:5 |     425 |       0 |   0.0 |      20 |       0 |   0.0
        D:6 |     242 |     165 |  40.5 |       5 |       1 |  16.7
            +---------+---------+-------+---------+---------+-------
